 Dungeon Crawl Stone Soup version 0.30-a0-930-gb9d0489357 (webtiles) character file.

Game seed: 10442310521721085749

187 lunkers the Basher (level 6, -1/43 (48) HPs)
             Began as a Meteoran Reaver on Mar 23, 2023.
             Was an Initiate of Gozag.
             Killed from afar by Natasha (18 damage)
             ... with a bolt of dispelling energy
             ... on level 3 of the Dungeon.
             The game lasted 00:02:38 (1151 turns).

lunkers the Basher (Meteoran Reaver)                Turns: 1151, Time: 00:02:39

HP:   -1/43 (48)    AC:  3    Str: 17    XL:     6   Next: 20%
MP:   11/11         EV: 12    Int: 14    God:    Gozag
Gold: 114           SH:  0    Dex: 12    Spells: 9/10 levels left

rFire   . . .      SeeInvis .    a - +0 mace
rCold   . . .      Faith    .    (no shield)
rNeg    . . .      Spirit   .    b - +0 leather armour
rPois   .          Reflect  .    (no helmet)
rElec   .          Rampage  .    (no cloak)
rCorr   .                        (no gloves)
Will    .....                    (no boots)
Stlth   +                        (no amulet)
HPRegen 0.27/turn                (no ring)
MPRegen 0.12/turn                (no ring)

@: glowing, heavily drained
A: sense surroundings 1, otherworldly, glowing, explore regen
a: Renounce Religion, Potion Petition, Call Merchant, Bribe Branch


You were on level 3 of the Dungeon.
You worshipped Gozag.
Gozag was aware of your devotion.
You visited 1 branch of the dungeon, and saw 3 of its levels.

You collected 136 gold pieces.
You paid 22 gold pieces to Gozag.

Inventory:

Hand Weapons
 a - a +0 mace (weapon)
Armour
 b - a +0 leather armour (worn)
Scrolls
 d - a scroll of identify {unknown}
 e - 6 scrolls of teleportation {unknown}
 f - a scroll of immolation {unknown}
 g - 2 scrolls of magic mapping {unknown}
 j - a scroll of noise {unknown}
 l - a scroll of poison {unknown}
 m - 3 scrolls of vulnerability {unknown}
Potions
 c - 3 potions of curing {unknown}
 h - a potion of brilliance {unknown}
 i - 2 potions of magic {unknown}
 k - 2 potions of invisibility {unknown}
 n - a potion of heal wounds {unknown}


   Skills:
 - Level 2.1 Fighting
 + Level 8.1 Maces & Flails
 - Level 2.4 Dodging
 - Level 2.6 Spellcasting
 - Level 3.6 Conjurations


You had 9 spell levels left.
You knew the following spells:

 Your Spells              Type           Power      Damage    Failure   Level
p - Kiss of Death         Conj/Necr      24%        2d7       13%         1

Your spell library contained the following spells:

 Spells                   Type           Power      Damage    Failure   Level
 Momentum Strike          Conj/Tloc      12%        3d8       21%         2
 Necrotise                Necr           4%         1d4       26%         1
 Hailstorm                Conj/Ice       6%         3d4       36%         3
 Sublimation of Blood     Necr           1%         N/A       38%         2
 Wereblood                Tmut           1%         N/A       38%         2
 Vampiric Draining        Necr           1%         2d6       63%         3
 Agony                    Necr           1%         N/A       100%        5
 Summon Hydra             Summ           0%         N/A       100%        7


Dungeon Overview and Level Annotations

Branches:
Dungeon (3/15) Zot: 627

Altars:
Dithmenos
Fedhas
Gozag

Annotations:
D:3 Natasha


Innate Abilities, Weirdness & Mutations

You passively map a small area around you.
You are easily found by Zot.
You glow in the dark.
You regain HP and MP as you explore.


Message History

You closely miss the adder. The adder barely misses you.
The adder bites you but does no damage.
You hit the adder.
The adder is heavily wounded.
The adder closely misses you.
You miss the adder.
The adder is heavily wounded.
The adder bites you.
You are poisoned.
The adder poisons you!
You sock the adder!
You kill the adder!
You feel sick.
No target in view!
No target in view!
No target in view!
You feel sick.
You now have 114 gold pieces (gained 5).
You feel sick.
You feel sick.
(D) Dungeon
Where to? (Enter - D:2, ? - help)
What level of the Dungeon? (default 1, ? - help)
You feel sick.
You are no longer poisoned.
You see here a +0 club.
Natasha, Servant of Life and Death comes into view.
She is carrying a wand of quicksilver (9).
Natasha hisses angrily.
Natasha zaps a wand.
The bolt of dispelling energy hits you!
* * * LOW HITPOINT WARNING * * *
There is a stone staircase leading down here.
Natasha casts a spell.
Natasha stares at you and mumbles some strange words.
The magic dart hits you.
* * * LOW HITPOINT WARNING * * *
Natasha extends her claws.
Natasha zaps a wand.
The bolt of dispelling energy hits you!!
You die...
Your body crumbles into a pile of gold.

........................♣♣♣......
.....##..............♣♣♣♣.......♣
.....###.....##.....♣♣.....P...♣♣
.......#########.###♣......♣♣♣♣♣#
.....#.#########.###♣♣....♣♣ #
............#.......♣..)..♣ #
.......#>.........##♣..8..♣ #
.....#.[.......h..# ♣♣...♣♣ #
..####..........@.# ♣.♣♣♣ #####
..# ##........5..# ♣♣♣ #....
..######..........### ##.###
............#..>#...###### #..# .
.....####.###.......#≈~≈≈###..#..
..##................#~≈~≈#....#..
.......#.####.#####.'≈~≈~'.##.^..
..####...# ##.# ###~≈~≈#.#..#..
.......#####..# #≈~≈≈#.)..#..


You could see Natasha and a crimson imp (summoned).

Vanquished Creatures
  A sleepcap (D:2)
  Jessica (D:3)
  An iguana (D:3)
  A hound skeleton (D:3)
  2 adders (D:3)
  An adder skeleton (D:3)
  2 worms
  5 dart slugs
  An orc (D:3)
  4 endoplasms
  3 giant cockroaches
  3 goblins
  4 hobgoblins
  5 jackals
  2 quokkas
  3 ball pythons
  2 ball python skeletons (D:3)
  7 bats
  A frilled lizard (D:1)
  3 kobolds
  A quokka skeleton (D:3)
  9 rats
62 creatures vanquished.

Vanquished Creatures (others)
  19 withered plants (D:3)
19 creatures vanquished.

Grand Total: 81 creatures vanquished

Notes
Turn   | Place    | Note
-------+----------+-------------------------------------------
     0 | D:1      | lunkers the Meteoran Reaver began the quest for the Orb.
     0 | D:1      | Reached XP level 1. HP: 17/17 MP: 5/5
    62 | D:1      | Reached XP level 2. HP: 14/24 MP: 6/6
   113 | D:1      | Reached skill level 5 in Maces & Flails
   196 | D:1      | Reached XP level 3. HP: 23/29 MP: 8/8
   391 | D:2      | Reached skill level 6 in Maces & Flails
   391 | D:2      | Reached XP level 4. HP: 20/36 MP: 9/9
   612 | D:3      | Reached XP level 5. HP: 39/41 MP: 10/10
   622 | D:3      | Reached skill level 7 in Maces & Flails
   676 | D:3      | Found a shadowy altar of Dithmenos.
   790 | D:3      | Noticed Jessica
   815 | D:3      | Killed Jessica
   823 | D:3      | Found an opulent altar of Gozag.
   832 | D:3      | Became a worshipper of Gozag Ym Sagoz the Greedy
   865 | D:3      | Reached XP level 6. HP: 41/41 MP: 11/11
   993 | D:3      | Reached skill level 8 in Maces & Flails
  1018 | D:3      | Identified the +1 dagger "Gyam Baj" {pain, Str+5 Dex+3}
  1042 | D:3      | Found a blossoming altar of Fedhas.
  1147 | D:3      | Noticed Natasha
  1151 | D:3      | Killed from afar by Natasha

Illustrated notes

Levels and vault maps discovered:
D:1:      amcnicky_arrival_single_pillar, layout_basic
D:2:      layout_basic, guppyfry_early_lair_pool
D:3:      layout_rooms, lemuel_tele_altar, grunt_gozag_breadcrumbs,
          overflow_temple_1_default, chequers_serial_rivers_room_b,
          grunt_decor_clamped, dilly_guarded_unrand_morg, uniq_jessica,
          uniq_natasha

Skill      XL: |  1  2  3  4  5  6 |
---------------+-------------------+-----
Maces & Flails | 5 6 7 8 |  8.1
Fighting       | |  2.1
Dodging        | |  2.4
Spellcasting   | |  2.6
Conjurations   | |  3.6

Action                     |  1- 3 |  4- 6 || total
---------------------------+-------+-------++-------
  Melee: Mace              |    77 |   132 ||   209
         Punch             |       |     1 ||     1
   Cast: Kiss of Death     |       |     2 ||     2
 Armour: Leather armour    |    35 |    44 ||    79
  Dodge: Dodged            |    45 |    68 ||   113

Table legend: (Time is in decaauts)
 A = Elapsed time spent in this place.
 B = Non-inter-level travel time spent in this place.
 C = Inter-level travel time spent in this place.
 D = Time resting spent in this place.
 E = Time spent auto-exploring this place.
 F = Levels seen in this place.
 G = Mean time per level.
                   A        B        C        D        E       F      G
               +--------+--------+--------+--------+--------+-----+--------+
         Total |   1171 |   1127 |     44 |      0 |    632 |   3 |  390.3 |
       Dungeon |   1171 |   1127 |     44 |      0 |    632 |   3 |  390.3 |
               +--------+--------+--------+--------+--------+-----+--------+

Top non-repeatable levels by time:
     D:3: 595 daAuts
     D:1: 363 daAuts
     D:2: 212 daAuts
